 Dungeon Crawl Stone Soup version 0.25.0-11-g1f837a76a1 (webtiles) character file.

Game seed: 11122425647550773262

1486 Aviak the Chiller (level 8, -15/64 HPs)
             Began as a Demonspawn Ice Elementalist on June 27, 2020.
             Killed by the air
             ... invoked by Gastronok
              (16 damage)
             ... on level 9 of the Dungeon.
             The game lasted 00:09:33 (6763 turns).

Aviak the Chiller (Demonspawn Ice Elementalist)     Turns: 6763, Time: 00:09:34

Health: -15/64     AC: 15    Str:  8    XL:     8   Next: 50%
Magic:  11/13      EV: 11    Int: 20    God:
Gold:   269        SH:  0    Dex: 13    Spells: 3/14 levels left

rFire    . . .     SeeInvis .   n - +2 short sword (flame)
rCold    . . .     Gourm    .   (no shield)
rNeg     . . .     Faith    .   e - +1 ring mail {rPois}
rPois    +         Spirit   .   j - +2 hat
rElec    .         Reflect  .   p - +0 cloak
rCorr    .         Harm     .   (no gloves)
MR       .....                  (no boots)
Stlth    +.........             (no amulet)
HPRegen  0.20/turn              A - +4 ring of protection
MPRegen  0.13/turn              s - ring of flight

@: lightly drained
A: claws 2, thin metallic scales 1
a: Evoke Flight


You were on level 9 of the Dungeon.
You were not hungry.

You visited 1 branch of the dungeon, and saw 7 of its levels.
You also visited: Sewer.

You collected 269 gold pieces.

Inventory:

Hand Weapons
 d - a +0 dagger
 n - a +2 short sword of flaming (weapon)
Armour
 a - a +0 robe
 e - a +1 ring mail of poison resistance (worn)
 j - a +2 hat (worn)
 o - a +0 leather armour
 p - a +0 cloak (worn)
Jewellery
 s - a ring of flight (right claw)
 A - a +4 ring of protection (left claw)
Scrolls
 b - 4 scrolls of identify {unknown}
 f - 6 scrolls of remove curse {unknown}
 k - a scroll of enchant armour {unknown}
 l - 2 scrolls of magic mapping
 q - a scroll of fog {unknown}
 r - a scroll of random uselessness {unknown}
 t - 5 scrolls of teleportation
 x - a scroll of blinking
Potions
 g - a potion of heal wounds {unknown}
 h - 3 potions of flight
 m - 2 potions of degeneration {!q!q}
Comestibles
 c - 3 rations


   Skills:
 - Level 6.1(5.8) Fighting
 + Level 1.7(1.4) Armour
 - Level 3.1(2.9) Dodging
 - Level 1.7(1.5) Stealth
 + Level 3.6(3.3) Spellcasting
 - Level 3.0(2.7) Conjurations
 + Level 6.6(6.3) Ice Magic


You had 3 spell levels left.
You knew the following spells:

 Your Spells              Type           Power        Failure   Level  Hunger
a - Freeze                Ice            ####         3%          1    None
b - Frozen Ramparts       Ice            ####..       9%          3    ###....
c - Ozocubu's Armour      Chrm/Ice       ###.....     32%         3    ###....
d - Hailstorm             Conj/Ice       ###.....     54%         4    ####...

Your spell library contained the following spells:

 Spells                   Type           Power        Failure   Level  Hunger
 Summon Ice Beast         Ice/Summ       ###.....     73%         4    ####...


Dungeon Overview and Level Annotations

Branches:
Dungeon (6/15)             Temple (0/1) D:6           Sewer (visited)

Altars:
Ashenzari
Hepliaklqana
Kikubaaqudgha
Nemelex Xobeh
Okawaru
Qazlal
Sif Muna
Xom
Yredelemnul
The Shining One

Annotations:
D:6 exclusion: oklob sapling
D:9 Gastronok


Innate Abilities, Weirdness & Mutations

You have very sharp fingernails.
You are partially covered in thin metallic scales. (AC +2)


Message History

The crocodile is almost dead.
The wight resists.
The wall freezes the wight.
The wall freezes the crocodile.
The crocodile seems to slow down.
The crocodile bites you!
* * * LOW HITPOINT WARNING * * *
The wight completely resists.
The wall freezes the wight but do no damage.
The wight closely misses you.
The wight resists.
The wall freezes the wight.
The wight hits you but does no damage.
Unknown command.
The wall freezes the adder.
The wall freezes Gastronok!
Gastronok waves his eye-stalks in wide circles.
The air twists around and strikes you!
* * * LOW HITPOINT WARNING * * *
The wight resists.
The wall freezes the wight.
Unknown command.
The frozen ramparts melt away.
The crocodile is no longer moving slowly.
Gastronok waves his eye-stalks in wide circles.
The air twists around and strikes you!
You die...

###...[ ##
.#....# ..##
......# ....
###.....##. ...
..........
#.####.........
#..........#...
###..###.......
##S.##.@...#.#
#..tSz.####..#
#..w###### ##
#... #.. #zw#
#... ..S


You could see Gastronok (swift), a crocodile, a wight and an adder.

Vanquished Creatures
  Grinder (D:4)
  2 ice beasts (D:5)
  A necrophage (D:5)
  An ogre (D:4)
  A phantom (D:5)
  3 centaurs (D:5)
  A crimson imp (D:6)
  A jelly (D:5)
  An orc priest (D:3)
  Crazy Yiuf (D:4)
  A hound (D:5)
  An orc wizard (D:3)
  A bullfrog skeleton (D:4)
  2 iguanas (D:4)
  5 worker ants
  A howler monkey skeleton (D:4)
  4 gnolls (D:2)
  4 adders
  2 river rats (D:3)
  4 oozes (Sewer)
  6 worms
  A dart slug (D:4)
  3 leopard geckos
  14 orcs
  3 ball pythons
  3 giant cockroaches
  9 goblins
  4 hobgoblins
  7 jackals
  13 bats
  4 frilled lizards
  A jackal zombie (D:5)
  5 kobolds
  A quokka zombie (D:6)
  11 rats
123 creatures vanquished.

Vanquished Creatures (others)
  A crimson imp (D:5)
  A bush (D:5)
2 creatures vanquished.

Grand Total: 125 creatures vanquished

Notes
Turn   | Place    | Note
-------+----------+-------------------------------------------
     0 | D:1      | Aviak the Demonspawn Ice Elementalist began the quest for
                  | the Orb.
     0 | D:1      | Reached XP level 1. HP: 13/13 MP: 3/3
   471 | D:1      | Gained mutation: You have sharp fingernails. [demonic
                  | ancestry]
   471 | D:1      | Reached XP level 2. HP: 16/20 MP: 3/5
   611 | D:1      | Reached skill level 1 in Fighting
  1216 | D:2      | Gained mutation: You are partially covered in thin metallic
                  | scales. (AC +2) [demonic ancestry]
  1216 | D:2      | Reached XP level 3. HP: 18/26 MP: 0/6
  1350 | D:2      | Found a shattered altar of Ashenzari.
  1876 | D:2      | Gained mutation: You have very sharp fingernails. [demonic
                  | ancestry]
  1876 | D:2      | Reached XP level 4. HP: 25/33 MP: 0/8
  1921 | D:2      | Learned a level 3 spell: Frozen Ramparts
  1971 | D:2      | Learned a level 3 spell: Ozocubu's Armour
  2464 | D:3      | Reached XP level 5. HP: 33/39 MP: 0/9
  2556 | D:3      | Found a basalt altar of Yredelemnul.
  2719 | D:3      | Found a glowing drain.
  2802 | Sewer    | Entered a sewer
  3459 | Sewer    | Reached skill level 5 in Ice Magic
  3812 | D:3      | Found a faded altar of an unknown god.
  4230 | D:4      | Reached XP level 6. HP: 46/48 MP: 3/10
  4564 | D:4      | Noticed Grinder
  4570 | D:4      | Reached XP level 7. HP: 44/55 MP: 5/11
  4578 | D:4      | Killed Grinder
  4578 | D:4      | Reached skill level 5 in Fighting
  4597 | D:4      | Learned a level 4 spell: Hailstorm
  4787 | D:4      | Found a runed translucent door.
  4788 | D:4      | Noticed Crazy Yiuf
  4898 | D:4      | Found a stormy altar of Qazlal.
  4979 | D:4      | Found an iron altar of Okawaru.
  4984 | D:4      | Found a hazy altar of Hepliaklqana.
  4993 | D:4      | Found a sparkling altar of Nemelex Xobeh.
  4998 | D:4      | Found an ancient bone altar of Kikubaaqudgha.
  5009 | D:4      | Found a shimmering altar of Xom.
  5016 | D:4      | Found a shimmering blue altar of Sif Muna.
  5021 | D:4      | Found a glowing golden altar of the Shining One.
  5086 | D:4      | Killed Crazy Yiuf
  5159 | D:5      | Entered Level 5 of the Dungeon
  5173 | D:5      | Reached skill level 1 in Conjurations
  5216 | D:5      | HP: 2/56 [centaur (3)]
  5580 | D:5      | Reached XP level 8. HP: 12/64 MP: 10/12
  6128 | D:5      | Reached skill level 1 in Armour
  6706 | D:6      | Found a staircase to the Ecumenical Temple.
  6751 | D:6      | You fall into a shaft and drop 3 floors!
  6752 | D:9      | Noticed Gastronok
  6761 | D:9      | HP: 1/64 [Gastronok/the air (15)]
  6763 | D:9      | Killed from afar by Gastronok

Illustrated notes

Levels and vault maps discovered:
D:1:      scummos_arrival_forest, layout_basic
D:2:      layout_loops_corners, lemuel_crystal_altar
D:3:      layout_loops_ring, yredelemnul_altar_generic,
          chequers_ecumenical_altar_island, portal_sewer_entry_b
D:4:      layout_basic, grunt_temple_overflow_octagram, columned_hall_lemuel,
          nicolae_qazlal_eye_of_the_storm, uniq_crazy_yiuf_cottage, uniq_grinder
D:5:      layout_cave_pools, first_ration, hangedman_abyss_or_decor_passed,
          kb_lookout_dungeons_type, minivault_25
D:6:      layout_loops_ring, minmay_temple_entry_oklob, elyvilon_altar_3
D:9:      layout_rooms, trog_ov_bears_minmay, minmay_guarded_unrand_finisher,
          uniq_gastronok

Skill      XL: |  1  2  3  4  5  6  7  8 |
---------------+-------------------------+-----
Fighting       | 1 2 3 4 5 6 |  6.1
Ice Magic      | 4 5 6 |  6.6
Spellcasting   | 3 |  3.6
Dodging        | 2 3 |  3.1
Conjurations   | 2 3 |  3.0
Armour         | 1 |  1.7
Stealth        | |  1.7

Action                   |  1- 3 |  4- 6 |  7- 9 || total
-------------------------+-------+-------+-------++-------
Melee: Dagger            |    46 |    24 |       ||    70
       Unarmed           |     1 |       |       ||     1
       Short sword       |       |    82 |   116 ||   198
 Cast: Freeze            |    42 |    49 |    12 ||   103
       Frozen Ramparts   |       |     9 |     8 ||    17
  Use: Scroll            |       |     4 |       ||     4
       Potion            |       |       |     7 ||     7
 Stab: Sleeping          |     2 |     7 |       ||     9
  Eat: Chunk             |     2 |     4 |     3 ||     9
       Ration            |       |     2 |     2 ||     4
Armor: Robe              |    11 |    10 |       ||    21
       Leather armour    |       |    57 |    45 ||   102
       Ring mail         |       |       |    28 ||    28
Dodge: Dodged            |    55 |   109 |    62 ||   226
